 Dungeon Crawl Stone Soup version 0.23.2-1-ga50397a (webtiles) character file.

Game seed: 17910727837341302587

36 grenoire the Cudgeler (level 3, -4/54 HPs)
             Began as a Troll Berserker on May 3, 2019.
             Was a Follower of Trog.
             Slain by a bullfrog (5 damage)
             ... on level 2 of the Dungeon.
             The game lasted 00:02:50 (947 turns).

grenoire the Cudgeler (Troll Berserker)              Turns: 947, Time: 00:02:51

Health: -4/54      AC:  6    Str: 31    XL:     3   Next: 19%
Magic:  2/2        EV: 10    Int:  3    God:    Trog [*.....]
Gold:   47         SH:  0    Dex:  9    Spells: 2/2 levels left

rFire    . . .     SeeInvis .   a - +0 mace
rCold    . . .     Gourm    +   (no shield)
rNeg     . . .     Faith    .   b - +0 animal skin
rPois    .         Spirit   .   (helmet restricted)
rElec    .         Reflect  .   (no cloak)
rCorr    .         Harm     .   (gloves unavailable)
MR       .....                  (boots unavailable)
Stlth    ..........             (no amulet)
HPRegen  0.58/turn              (no ring)
MPRegen  0.08/turn              (no ring)

@: berserking, very quick
A: large, unfitting armour, claws 3, fast metabolism 3, gourmand, regeneration
1, shaggy fur 1, tough skin 3
a: Berserk, Renounce Religion


You were on level 2 of the Dungeon.
You worshipped Trog.
Trog was aware of your devotion.
You were not hungry.

You visited 1 branch of the dungeon, and saw 2 of its levels.

You collected 47 gold pieces.

Inventory:

Hand Weapons
 a - a +0 mace (weapon)
Armour
 b - a +0 animal skin (worn)
Jewellery
 f - a cursed ring of teleportation {unknown}
Scrolls
 d - a scroll of magic mapping {unknown}
 g - a scroll of remove curse {unknown}
 h - 3 scrolls of identify {unknown}
Potions
 e - 3 potions of magic {unknown}
Comestibles
 c - 4 rations


   Skills:
 + Level 2.7 Fighting
 + Level 3.3 Maces & Flails
 + Level 2.7 Dodging


You had 2 spell levels left.
You didn't know any spells.
Your spell library was empty.

Dungeon Overview and Level Annotations

Branches:
Dungeon (2/15)

Altars:


Innate Abilities, Weirdness & Mutations

You are too large for most types of armour.
You have claws for hands.
Your metabolism is lightning-fast.
You like to eat raw meat.
Your natural rate of healing is unusually fast.
You are covered in fur. (AC +1)
You have extremely tough skin. (AC +3)


Message History

You hit the bullfrog but do no damage.
The bullfrog is heavily wounded.
The bullfrog hits you. The jackal misses you.
The goblin shoots a stone.
The stone hits you but does no damage. The jackal bites you.
* * * LOW HITPOINT WARNING * * *
The bullfrog hits you.
* * * LOW HITPOINT WARNING * * *
The jackal bites you but does no damage.
A red film seems to cover your vision as you go berserk!
You feel yourself moving faster!
You feel mighty!
You feel quite a bit more hungry.
The jackal bites you but does no damage.
The bullfrog hits you!
* * * LOW HITPOINT WARNING * * *
The jackal bites you.
* * * LOW HITPOINT WARNING * * *
The jackal bites you but does no damage.
You feel a strong urge to attack something.
The bullfrog hits you.
You die...

............
### .......#..
.> ..#.#
.......... #.
#.#.# .......#
#.. #.#.#
).....##
#..##.#.#####
.....##
###.....!..g...
#...##
......h.$.#####
######
####..h(F......
......
#.##@#.###.#
###### # #.#.#
#### #.#.#
..(..##.#.#
..........#
######
#######.###
...... #.#
###### #.#
####### #.#


You could see a bullfrog, 2 jackals and a goblin.

Vanquished Creatures
  An adder (D:2)
  A dart slug (D:1)
  A leopard gecko (D:1)
  A giant cockroach (D:2)
  2 goblins
  4 hobgoblins (D:1)
  3 jackals (D:2)
  4 bats
  A frilled lizard (D:1)
  2 kobolds (D:1)
  4 rats (D:1)
24 creatures vanquished.

Notes
Turn   | Place    | Note
-------+----------+-------------------------------------------
     0 | D:1      | grenoire the Troll Berserker began the quest for the Orb.
     0 | D:1      | Reached XP level 1. HP: 22/22 MP: 0/0
   145 | D:1      | Reached XP level 2. HP: 29/29 MP: 1/1
   352 | D:1      | Reached skill level 3 in Maces & Flails
   911 | D:2      | Reached XP level 3. HP: 30/36 MP: 2/2
   937 | D:2      | Noticed a bullfrog
   946 | D:2      | HP: 1/54 [jackal (2)]
   947 | D:2      | Slain by a bullfrog

Skill      XL: |  1  2 |
---------------+-------+-----
Maces & Flails | 3 |  3.3
Fighting       | |  2.7
Dodging        | |  2.7

Action                   || total
-------------------------++-------
Melee: Mace              ||    67
Invok: Berserk           ||     1
  Eat: Chunk             ||     7
Armor: Animal skin       ||    76
Dodge: Dodged            ||    65
